 Dungeon Crawl Stone Soup version 0.32-a0-41-gec2d92a32c (webtiles) character file.

Game seed: 18401029614148928545

144 JWK the Slasher (level 5, 0/42 HPs)
             Began as a Gnoll Chaos Knight on Jan 25, 2024.
             Was an Initiate of Makhleb.
             Slain by Menkaure (5 damage)
             ... on level 4 of the Dungeon.
             The game lasted 00:17:24 (3772 turns).

JWK the Slasher (Gnoll Chaos Knight)                Turns: 3772, Time: 00:17:25

Health: 0/42       AC: 11    Str: 14    XL:     5   Next: 26%
Magic:  7/7        EV: 10    Int: 11    God:    Makhleb [......]
Gold:   178        SH:  0    Dex: 11    Spells: 6/6 levels left

rFire   . . .        a - +0 falchion (chaos)
rCold   + . .        (no shield)
rNeg    . . .        g - +2 scale mail {rC+}
rPois   .            (no helmet)
rElec   .            (no cloak)
rCorr   .            (no gloves)
SInv    .            (no boots)
Will    .....        (no amulet)
Stlth   +            (no ring)
HPRegen 0.27/turn    (no ring)
MPRegen 0.10/turn

%: no passive effects
@: no status effects
A: fangs 1, strong nose, distributed training, iridescent scales 1, camouflage
1, frail 1
a: Renounce Religion


You were on level 4 of the Dungeon.
You worshipped Makhleb.
Makhleb was noncommittal.
You visited 1 branch of the dungeon, and saw 4 of its levels.

You collected 178 gold pieces.

Inventory:

Hand Weapons
 a - a +0 falchion of chaos (weapon)
Armour
 b - a +2 leather armour
 g - a +2 scale mail of cold resistance (worn)
Scrolls
 c - a scroll of butterflies
 e - a scroll of acquirement {unknown}
 f - a scroll of teleportation {unknown}
 h - a scroll of torment {unknown}
 i - a scroll of enchant armour {unknown}
 j - a scroll of fog {unknown}
 m - a scroll of identify {unknown}
Potions
 d - a potion of curing {unknown}
 k - a potion of enlightenment {unknown}
 l - a potion of heal wounds {unknown}


   Skills:
 + Level 6.7 Fighting
 + Level 1.4 Short Blades
 + Level 6.7 Long Blades
 + Level 1.4 Axes
 + Level 1.4 Maces & Flails
 + Level 1.4 Polearms
 + Level 1.4 Staves
 + Level 1.4 Ranged Weapons
 + Level 1.4 Throwing
 + Level 4.8 Armour
 + Level 3.0 Dodging
 + Level 1.4 Stealth
 + Level 1.4 Shields
 + Level 1.4 Unarmed Combat
 + Level 1.4 Spellcasting
 + Level 1.1 Conjurations
 + Level 1.1 Hexes
 + Level 1.1 Summonings
 + Level 1.1 Necromancy
 + Level 1.1 Translocations
 + Level 1.1 Fire Magic
 + Level 1.1 Ice Magic
 + Level 1.1 Air Magic
 + Level 1.1 Earth Magic
 + Level 1.1 Alchemy
 + Level 1.6 Invocations
 + Level 1.4 Evocations
 + Level 1.3 Shapeshifting


You had 6 spell levels left.
You didn't know any spells.
Your spell library contained the following spells:

 Spells                   Type           Power      Damage    Failure   Level
 Sting                    Conj/Alch      12%        1d3       58%         1
 Cigotuvi's Dreadful Rot  Necr/Alch/Air  6%         N/A       73%         2
 Mercury Vapours          Alch/Air       6%         N/A       73%         2
 Ignite Poison            Fire/Alch      3%         N/A       100%        4
 Olgreb's Toxic Radiance  Alch           3%         N/A       100%        4
 Irradiate                Conj/Alch      1%         3d12      100%        5


Dungeon Overview and Level Annotations

Branches:
Dungeon (4/15)
 Temple: D:4-7

Altars:
Makhleb

Annotations:
D:4 Menkaure


Innate Abilities, Weirdness & Mutations

You have very sharp teeth.
Your uncanny sense of smell can sniff out nearby items.
Your experience applies equally to all skills.
You are partially covered in iridescent scales. (AC +2)
Your skin changes colour to match your surroundings (Stealth+).
You are frail. (-10% HP)


Message History

The goblin barely misses you. The goblin hits you but does no damage.
Found a short sword.
The goblin hits you but does no damage.
Menkaure gestures at you while chanting.
Pain shoots through your body!
Found a glowing yellow potion.
Found a stone staircase leading up.
The goblin hits you but does no damage. Menkaure casts a spell at you.
Pain shoots through your body!
You see here 13 gold pieces.
The goblin attacks as it pursues you! The goblin hits you but does no damage.
Menkaure shouts, "The curse of the Pharaohs be upon you!"
You barely miss the goblin. The goblin barely misses you.
You slash the goblin!
You kill the goblin!
Makhleb accepts your kill. Menkaure barely misses you.
Menkaure barely misses you.
Things that are here:
a +0 dagger; a goblin corpse Menkaure calls on the powers of darkness!
Your body is wracked with pain!
You see here 13 gold pieces.
You hit Menkaure. You freeze Menkaure.
Menkaure is lightly damaged.
You completely miss Menkaure.
Menkaure is lightly damaged.
Menkaure hits you!
* * * LOW HITPOINT WARNING * * *
You slash Menkaure!
Menkaure convulses!
You punch Menkaure.
Menkaure is almost destroyed.
Menkaure hits you.
* * * LOW HITPOINT WARNING * * *
You hit Menkaure but do no damage.
Menkaure is almost destroyed.
Menkaure hits you but does no damage.
You hit Menkaure.
Menkaure's magic leaks into the air.
Menkaure is almost destroyed.
Menkaure hits you.
You die...

..........##
#..........#
#.....<)..####
.#............###
................
#...<.........#
##............#
#............#
#......@M)...#
#.............#
................#
#............##.#
..#..........# #
...).#####...#
..... #....#
###<. #.!#.#


You could see Menkaure (magic disrupted).

Vanquished Creatures
  A scorpion (D:2)
  An adder (D:2)
  A ribbon worm (D:2)
  2 dart slugs (D:3)
  2 orcs (D:3)
  5 endoplasms
  6 giant cockroaches
  2 goblins
  4 hobgoblins
  9 jackals
  6 quokkas
  5 ball pythons
  5 bats
  A frilled lizard (D:2)
  2 kobolds
  5 rats
57 creatures vanquished.

Vanquished Creatures (others)
  A frilled lizard zombie (D:2)
1 creature vanquished.

Grand Total: 58 creatures vanquished

Notes
Turn   | Place    | Note
-------+----------+-------------------------------------------
     0 | D:1      | JWK the Gnoll Chaos Knight began the quest for the Orb.
     0 | D:1      | Reached XP level 1. HP: 23/23 MP: 1/1
   154 | D:1      | XOM: divination: magic mapping
   234 | D:1      | XOM: potion effect (might)
   236 | D:1      | Reached XP level 2. HP: 14/29 MP: 2/2
   335 | D:1      | XOM: divination: detect creatures
   673 | D:1      | Got Entun's Precepts of Sweltering Alteration
   868 | D:1      | XOM: give mutations
   868 | D:1      | Gained mutation: You are partially covered in iridescent
                  | scales. (AC +2) [Xom's mischief]
   868 | D:1      | Gained mutation: Your skin changes colour to match your
                  | surroundings (Stealth+). [Xom's mischief]
   868 | D:1      | Gained mutation: You are frail. (-10% HP) [Xom's mischief]
   873 | D:1      | XOM: silly message
  1052 | D:2      | Reached XP level 3. HP: 31/31 MP: 3/3
  1192 | D:2      | Reached skill level 1 in Invocations
  1347 | D:2      | XOM: cast spell 'Dispersal'
  1542 | D:2      | Reached skill level 1 in Short Blades
  1542 | D:2      | Reached skill level 1 in Axes
  1542 | D:2      | Reached skill level 1 in Maces & Flails
  1542 | D:2      | Reached skill level 1 in Polearms
  1542 | D:2      | Reached skill level 1 in Staves
  1542 | D:2      | Reached skill level 1 in Ranged Weapons
  1542 | D:2      | Reached skill level 1 in Throwing
  1542 | D:2      | Reached skill level 1 in Stealth
  1542 | D:2      | Reached skill level 1 in Shields
  1542 | D:2      | Reached skill level 1 in Unarmed Combat
  1542 | D:2      | Reached skill level 1 in Spellcasting
  1542 | D:2      | Reached skill level 1 in Evocations
  1602 | D:2      | Found a faded altar of an unknown god.
  1798 | D:2      | Noticed a scorpion
  1807 | D:2      | Killed a scorpion
  1808 | D:2      | Reached skill level 1 in Conjurations
  1808 | D:2      | Reached skill level 1 in Hexes
  1808 | D:2      | Reached skill level 1 in Summonings
  1808 | D:2      | Reached skill level 1 in Necromancy
  1808 | D:2      | Reached skill level 1 in Translocations
  1808 | D:2      | Reached skill level 1 in Fire Magic
  1808 | D:2      | Reached skill level 1 in Ice Magic
  1808 | D:2      | Reached skill level 1 in Air Magic
  1808 | D:2      | Reached skill level 1 in Earth Magic
  1808 | D:2      | Reached skill level 1 in Alchemy
  1808 | D:2      | Reached skill level 1 in Shapeshifting
  1808 | D:2      | Reached XP level 4. HP: 18/36 MP: 4/6
  1808 | D:2      | Reached XP level 5. HP: 22/42 MP: 4/7
  2280 | D:2      | XOM: divination: detect creatures
  2892 | D:3      | XOM: scenery: summon butterflies
  3094 | D:3      | XOM: noise
  3178 | D:3      | Found a burning altar of Makhleb.
  3178 | D:3      | Noticed an Executioner
  3182 | D:3      | Noticed a hellwing
  3182 | D:3      | Noticed a hellwing
  3184 | D:3      | Fell from the grace of Xom
  3184 | D:3      | Became a worshipper of Makhleb the Destroyer
  3748 | D:4      | Noticed Menkaure
  3772 | D:4      | Slain by Menkaure

Illustrated notes

Levels and vault maps discovered:
D:1:      dpeg_arrival_signposts, layout_loops_ring
D:2:      layout_loops_corners, shapermc_ecumenical_altar_gd
D:3:      layout_basic, makhleb_altar_promises_db, serial_bayou_pond_e
D:4:      layout_rooms, nicolae_dithmenos_through_a_glass_darkly,
          mainiacjoe_overflow_catwalk_spiral, minmay_temple_entry_purple_smoke,
          uniq_menkaure

Skill      XL: |  1  2  3  4  5 |
---------------+----------------+-----
Invocations    | 1 |  1.6
Short Blades   | 1 |  1.4
Axes           | 1 |  1.4
Maces & Flails | 1 |  1.4
Polearms       | 1 |  1.4
Staves         | 1 |  1.4
Ranged Weapons | 1 |  1.4
Throwing       | 1 |  1.4
Stealth        | 1 |  1.4
Shields        | 1 |  1.4
Unarmed Combat | 1 |  1.4
Spellcasting   | 1 |  1.4
Evocations     | 1 |  1.4
Conjurations   | 1 |  1.1
Hexes          | 1 |  1.1
Summonings     | 1 |  1.1
Necromancy     | 1 |  1.1
Translocations | 1 |  1.1
Fire Magic     | 1 |  1.1
Ice Magic      | 1 |  1.1
Air Magic      | 1 |  1.1
Earth Magic    | 1 |  1.1
Alchemy        | 1 |  1.1
Shapeshifting  | 1 |  1.3
Dodging        | 3 |  3.0
Fighting       | |  6.7
Long Blades    | |  6.7
Armour         | |  4.8

Action                     |  1- 3 |  4- 6 || total
---------------------------+-------+-------++-------
  Melee: Falchion          |   141 |    57 ||   198
         Bite              |    15 |     8 ||    23
         Punch             |     1 |     1 ||     2
   Stab: Sleeping          |     1 |       ||     1
         Paralysed         |       |     1 ||     1
 Armour: Leather armour    |    59 |       ||    59
         Scale mail        |    17 |    35 ||    52
  Dodge: Dodged            |   111 |    23 ||   134

Table legend: (Time is in decaauts)
 A = Elapsed time spent in this place.
 B = Non-inter-level travel time spent in this place.
 C = Inter-level travel time spent in this place.
 D = Time resting spent in this place.
 E = Time spent auto-exploring this place.
 F = Levels seen in this place.
 G = Mean time per level.
                   A        B        C        D        E       F      G
               +--------+--------+--------+--------+--------+-----+--------+
         Total |   3767 |   3767 |      0 |    143 |    574 |   4 |  941.8 |
       Dungeon |   3767 |   3767 |      0 |    143 |    574 |   4 |  941.8 |
               +--------+--------+--------+--------+--------+-----+--------+

Top non-repeatable levels by time:
     D:3: 1402 daAuts
     D:2: 1319 daAuts
     D:1: 1023 daAuts
     D:4: 22 daAuts
